Mandevil, lawful male human Samurai | |}------ |}}}}}}| |.....}| | |..```}| .....|- | |..`@`}[...{....- -.........\(| |.|----..```}| .....|- | |.|*....D...}| | |<|.---}}}}}}| |.|...|}------ |.---.| | |...|.| |.---.| |.....| ----- Mandevil the Joshu Experience level: 12 Strength: 18/15 Dexterity: 18 Constitution: 18 Intelligence: 13 Wisdom: 10 Charisma: 8 Health: 0(126) Energy: 43(43) Def: 16 Gold: 0 Moves: 23115 Dungeon seed: h7e5qZVVltca-E2W Game ID: Mandevil_1465299782 Your Inventory: Amulets F - an uncursed amulet of reflection (being worn) Weapons a - the rustproof +5 Excalibur (weapon in hand) b - a blessed rustproof +1 katana (wielded in other hand) Armor n - a blessed +0 silver dragon scale mail (being worn) q - an uncursed +0 orcish helm (being worn) r - an uncursed +0 pair of elven boots (being worn) N - an uncursed +0 pair of gauntlets of dexterity (being worn) Y - an uncursed rotted +0 cloak of magic resistance (being worn) Comestibles U - an uncursed lizard corpse Rings D - a cursed -3 ring of protection E - an uncursed ring of slow digestion H - an uncursed ring of regeneration M - an uncursed ring of conflict Q - an uncursed +1 ring of increase damage (on left hand) Wands f - a wand of teleportation (0:4) i - a cursed wand of lightning (0:8) j - a wand of locking (0:5) o - a wand of light (0:13) s - a wand of fire (0:6) u - a wand of sleep (0:5) S - a wand of death (0:3) V - a wand of digging (0:2) W - a wand of striking (0:1) X - a wand of magic missile (0:2) Tools e - a +0 pick-axe h - a blessed bag of holding k - an uncursed skeleton key t - an uncursed stethoscope w - an uncursed magic whistle y - a +0 unicorn horn A - an expensive camera (0:35) R - an uncursed blindfold Gems g - an uncursed touchstone K - an uncursed luckstone Contents of the bag of holding: 23839 gold pieces a cursed amulet of change the blessed rustproof +0 Demonbane an uncursed +0 Hawaiian shirt an uncursed +0 cloak of displacement a cursed +0 pair of jumping boots an uncursed C-ration 2 uncursed K-rations an uncursed carrot an uncursed cream pie an uncursed egg 7 uncursed fortune cookies 23 uncursed gunyoki 7 uncursed tripe rations 2 uncursed scrolls of amnesia a cursed scroll of amnesia 3 uncursed scrolls of blank paper 3 cursed scrolls of blank paper an uncursed scroll of charging an uncursed scroll of confuse monster 2 uncursed scrolls of create monster 2 uncursed scrolls of destroy armor 2 uncursed scrolls of earth 2 cursed scrolls of enchant armor 2 uncursed scrolls of enchant weapon 2 uncursed scrolls of food detection a cursed scroll of food detection a blessed scroll of genocide 2 uncursed scrolls of genocide an uncursed scroll of gold detection a blessed scroll of light 2 cursed scrolls of magic mapping an uncursed scroll of remove curse an uncursed scroll of stinking cloud a cursed scroll of stinking cloud 5 uncursed scrolls of teleportation a cursed scroll of teleportation an uncursed spellbook of cure sickness an uncursed spellbook of detect monsters an uncursed spellbook of light an uncursed spellbook of light an uncursed spellbook of light an uncursed spellbook of magic missile a blessed spellbook of restore ability an uncursed spellbook of sleep an uncursed spellbook of slow monster 2 uncursed potions of extra healing 2 blessed potions of full healing an uncursed potion of full healing 2 uncursed potions of gain ability a cursed potion of gain ability 2 uncursed potions of gain energy 2 uncursed potions of gain level a cursed potion of gain level an uncursed potion of hallucination 5 uncursed potions of healing 3 potions of holy water an uncursed potion of levitation a cursed potion of monster detection a cursed potion of object detection a blessed potion of polymorph a cursed potion of polymorph an uncursed potion of restore ability a cursed potion of sake an uncursed potion of sickness a blessed potion of sleeping an uncursed potion of sleeping a blessed potion of speed a cursed potion of speed 7 uncursed potions of water an uncursed +1 ring of adornment an uncursed ring of regeneration an uncursed ring of searching an uncursed ring of stealth a wand of create monster (0:12) a cursed wand of create monster (0:0) a wand of digging (0:6) a cursed wand of digging (0:6) a wand of digging (0:5) a cursed wand of digging (0:3) a rusty wand of fire (0:3) a wand of make invisible (0:3) a cursed wand of make invisible (0:3) a wand of opening (0:4) a wand of secret door detection (0:12) a wand of secret door detection (0:10) a wand of sleep (0:7) a wand of slow monster (0:4) a cursed wand of striking (0:3) a wand of teleportation (0:7) an uncursed leash an uncursed magic whistle 5 blessed tallow candles (0:200) 15 uncursed tallow candles (0:200) an uncursed tin opener a +0 unicorn horn a cursed +0 unicorn horn 2 uncursed wax candles (0:400) an uncursed agate stone 3 uncursed aquamarine stones an uncursed diamond an uncursed emerald an uncursed jasper stone 2 uncursed obsidian stones an uncursed ruby an uncursed touchstone an uncursed worthless piece of green glass Spells and supernatural/magical abilities: Name Level Category Fail Memory l - light 1 divination 78% 97% n - detect monsters 1 divination 78% 97% s - slow monster 2 enchantment 83% 97% z - sleep 1 enchantment 78% 97% K - cure sickness 3 healing 100% 97% R - restore ability 4 healing 100% 71% W - pray for help -- divine ? -- Your skills at the end: Fighting Skills martial arts [Basic] two weapon combat [Expert] wands [Basic] Weapon Skills short sword [Basic] long sword [Expert] bow [Basic] Spellcasting Skills Final Attributes: You were the Hand of Elbereth. You were piously aligned. You were fire resistant. You were cold resistant. You were sleep resistant. You were disintegration-resistant. You were shock resistant. You were poison resistant. You were level-drain resistant. You were magic-protected. You saw invisible. You were telepathic. You had automatic searching. You were stealthy. You had a +1 damage bonus. You were protected. You were fast. You had reflection. You were wielding two weapons at once. You were extremely lucky. You had extra luck. Bad luck did not time out for you. Good luck did not time out for you. You are dead. Vanquished creatures: a master lich 2 glass golems a purple worm a shimmering dragon 2 white dragons 2 orange dragons 3 black dragons 2 jabberwocks a baluchitherium a demilich 2 stone golems a master mind flayer a titanothere a trapper a baby white dragon a vampire lord a nurse 2 lurkers above an Aleax 2 vampires 2 ghosts a queen bee 2 winged gargoyles a mind flayer 6 giant mimics 2 zruties a fire giant 4 ogre kings an ice troll a rock troll an Elvenking a large mimic a long worm 3 stalkers an air elemental 3 fire elementals 3 water elementals a hill giant a giant mummy a black naga a giant zombie a water demon 4 wargs a winter wolf 7 small mimics a warhorse 3 ettin mummies 5 ogre lords 3 quantum mechanics 8 trolls a sasquatch 2 wood golems a marilith 2 gelatinous cubes a large dog 3 freezing spheres 2 flaming spheres 2 tigers a gargoyle an ochre jelly 2 leocrottas an energy vortex 4 mountain centaurs 4 stone giants 4 elf mummies a human mummy a pit viper a python a wraith a carnivorous ape an ettin zombie a leather golem 2 Grey-elves 5 soldiers 4 incubi 2 chameleons 2 crocodiles 2 giant beetles 2 quivering blobs 3 cockatrices a wolf 8 winter wolf cubs 8 gremlins 7 leprechauns 3 orc-captains 3 iron piercers 5 giant spiders a scorpion 2 horses 3 black lights 3 vampire bats 3 forest centaurs 7 gnome kings 3 orc mummies 2 dwarf mummies 4 brown puddings 4 rust monsters 3 owlbears 4 yetis 2 gold golems 3 werewolves 2 Green-elves 6 giant eels 5 lizards 7 chickatrices 3 dogs 3 dingos 3 housecats 3 jaguars 3 blue jellies a gray unicorn a black unicorn 2 dust vortices 3 ravens 9 plains centaurs 2 gnome mummies 3 snakes 8 water moccasins 9 apes 7 human zombies 3 rope golems 8 Woodland-elves 4 soldier ants a fire ant 31 bugbears 2 imps 4 quasits 2 wood nymphs 3 water nymphs a mountain nymph 7 Mordor orcs 6 Uruk-hai 4 orc shamans 7 rock piercers 3 rock moles 3 ponies 2 fog clouds 6 yellow lights 2 shriekers 3 violet fungi 24 gnome lords 14 gnomish wizards 3 kobold mummies a red naga hatchling 2 black naga hatchlings 2 golden naga hatchlings a guardian naga hatchling 2 gray oozes a barrow wight 4 elf zombies 2 ghouls 3 straw golems a paper golem 7 giant ants 3 little dogs 5 floating eyes a kitten 12 dwarves 5 homunculi 3 kobold lords 3 kobold shamans 30 hill orcs 7 rothes 2 giant bats a monkey 3 orc zombies 6 dwarf zombies 3 werejackals 7 iguanas 30 killer bees 2 acid blobs 3 gas spores 6 hobbits 5 manes 5 large kobolds 16 hobgoblins 6 giant rats 9 cave spiders a brown mold 5 yellow molds 3 green molds 4 red molds 62 gnomes 30 garter snakes 2 gnome zombies 4 geckos 8 jackals 3 foxes 6 kobolds 7 goblins 5 sewer rats 6 grid bugs 4 bats 12 lichens 2 kobold zombies 9 newts 834 creatures vanquished. Voluntary challenges: You had been an atheist until turn 2096. You used a wielded weapon 1302 times, starting on turn 12. You read items or engraved 89 times, starting on turn 1794. You never genocided any monsters. You never polymorphed an object. You changed form 2 times, starting on turn 8419. You used 1 wish, starting on turn 17894. You did not wish for any artifacts. You split 2 puddings, starting on turn 20761. You wrote Elbereth's name 47 times, starting on turn 1794. You violated your moral code, losing 44 points of alignment, starting on turn 7697. Dungeon overview: The Dungeons of Doom: levels 1 to 29 Level 1 a long staircase Level 2 an armor shop, some fountains Level 3 a general store Level 4 a general store, some fountains stairs to The Gnomish Mines Level 5 a fountain Level 6 a fountain Level 7 (STASH) a fountain, a sink Level 8 Level 9 stairs to Sokoban Level 10 a sink Level 11 an altar to Amaterasu Omikami Level 12 some altars to Amaterasu Omikami, a fountain Level 13 Level 14 a temple to Susanowo Level 15 (Quest level) Level 16 Level 17 Level 18 a fountain Level 19 Level 20 a sink Level 21 a fountain Level 22 Level 23 an altar to Susanowo, a fountain Level 24 a temple to Susanowo, a sink Level 25 a fountain Level 26 Level 27 an altar to Susanowo, a throne Level 28 Level 29 <- You were here a fountain, a throne The Gnomish Mines: levels 5 to 12 Level 5 stairs to The Dungeons of Doom Level 6 Level 7 many shops, a temple to Raijin, some fountains Level 8 Level 9 Level 10 Level 11 Level 12 Sokoban: levels 5 to 8 Level 5 Level 6 Level 7 Level 8 stairs to The Dungeons of Doom History has recorded: On T:1 you entered the Dungeons of Doom to retrieve the Amulet of Yendor! On T:211 you reached level 2 of The Dungeons of Doom. On T:754 you reached level 3 of The Dungeons of Doom. On T:817 you advanced to experience level 2. On T:870 you advanced to experience level 3. On T:1115 you reached level 4 of The Dungeons of Doom. On T:1411 you advanced to experience level 4. On T:1421 you reached level 1 of The Gnomish Mines. On T:1617 you advanced to experience level 5. On T:1791 you reached level 2 of The Gnomish Mines. On T:1885 you reached level 3 of The Gnomish Mines. On T:2015 you advanced to experience level 6. On T:2694 you reached level 5 of The Dungeons of Doom. On T:3098 you reached level 6 of The Dungeons of Doom. On T:3767 you reached level 7 of The Dungeons of Doom. On T:3894 you advanced to experience level 7. On T:4320 you reached level 8 of The Dungeons of Doom. On T:4406 you advanced to experience level 8. On T:5247 you reached level 9 of The Dungeons of Doom. On T:5350 you reached level 4 of Sokoban. On T:5824 you reached level 3 of Sokoban. On T:6308 you reached level 2 of Sokoban. On T:6635 you reached level 1 of Sokoban. On T:7447 you advanced to experience level 9. On T:9239 you reached level 4 of The Gnomish Mines. On T:9586 you reached level 5 of The Gnomish Mines. On T:9860 you reached level 6 of The Gnomish Mines. On T:10101 you reached level 7 of The Gnomish Mines. On T:10556 you reached level 8 of The Gnomish Mines. On T:10576 you advanced to experience level 10. On T:11834 you reached level 10 of The Dungeons of Doom. On T:12191 you reached level 11 of The Dungeons of Doom. On T:12757 you reached level 12 of The Dungeons of Doom. On T:13233 you reached level 13 of The Dungeons of Doom. On T:13599 you reached level 14 of The Dungeons of Doom. On T:14174 you reached level 15 of The Dungeons of Doom. On T:14504 you reached level 16 of The Dungeons of Doom. On T:15179 you reached level 17 of The Dungeons of Doom. On T:16839 you advanced to experience level 11. On T:16969 you were crowned as the Hand of Elbereth! On T:17894 you wished for "blessed fixed +2 silver dragon scale mail". On T:18479 you reached level 18 of The Dungeons of Doom. On T:18675 you advanced to experience level 12. On T:18821 you reached level 19 of The Dungeons of Doom. On T:19203 you reached level 20 of The Dungeons of Doom. On T:19566 you reached level 21 of The Dungeons of Doom. On T:19579 you reached level 22 of The Dungeons of Doom. On T:20046 you reached level 23 of The Dungeons of Doom. On T:20349 you reached level 24 of The Dungeons of Doom. On T:20596 you reached level 25 of The Dungeons of Doom. On T:20970 you reached level 26 of The Dungeons of Doom. On T:21017 you reached level 27 of The Dungeons of Doom. On T:22208 you reached level 28 of The Dungeons of Doom. On T:23042 you reached The Castle. Score breakdown: Gold: 23839 (14890 points) Experience: 12 levels (18476 points) Exploration: 29 levels ( 55.77%) (22228 points) Discoveries: 74 items ( 29.72%) (16354 points) Valuables value: (no points given unless you survive) Artifact value: 4000 (12253 points) Variety of kills: 196 monsters ( 51.17%) (21460 points) Turncount: 23115 turns (-3616 points) Survival: died (score multiplied by 80%) Total score: 81636 Latest messages: Minnie butts Benjamin. The soldier zaps a wand of magic missile! The magic missile hits the soldier! The soldier is killed by the magic missile! The magic missile hits you! The magic missile is disrupted by your amulet! You are caught in the magical blast! The xorn eats a spear! The soldier zaps a wand of magic missile! The magic missile whizzes by the xorn! The magic missile hits you! The magic missile is disrupted by your amulet! You are caught in the magical blast! L - an uncursed scroll called earth. As you read the scroll, it disappears. The ceiling rumbles above you! A boulder bounces off your hard helmet. (59x) You hear the howling of the CwnAnnwn... A boulder bounces off your hard helmet. (6x) You die... Final status: Sayonara Mandevil the Samurai, killed by a scroll of earth... You died in The Dungeons of Doom on dungeon level 29 with 81636 points, and 23839 pieces of gold, after 23115 moves. You were level 12 with a maximum of 126 hit points when you died.